 Dungeon Crawl Stone Soup version 0.32-a0-172-gc5dd13f2a7 (webtiles) character file.

Game seed: 16606874185831964388

44 SmokeWeed the Ducker (level 3, -9/27 HPs)
             Began as a Demonspawn Gladiator on Feb 12, 2024.
             Mangled by a gnoll
             ... wielding a +0 halberd
              (12 damage)
             ... on level 2 of the Dungeon.
             The game lasted 00:01:53 (947 turns).

SmokeWeed the Ducker (Demonspawn Gladiator)          Turns: 947, Time: 00:01:54

Health: -9/27      AC:  6    Str: 14    XL:     3   Next: 41%
Magic:  3/3        EV: 12    Int:  8    God:
Gold:   18         SH:  0    Dex: 16    Spells: 2/2 levels left

rFire   . . .        h - +0 whip
rCold   . . .        (no shield)
rNeg    . . .        m - +0 ring mail
rPois   .            c - +0 helmet
rElec   .            (no cloak)
rCorr   .            (no gloves)
SInv    .            (no boots)
Will    .....        (no amulet)
Stlth   +            (no ring)
HPRegen 0.24/turn    (no ring)
MPRegen 0.08/turn

%: no passive effects
@: no status effects
A: powered by pain 1, demonic touch 1
a: no special abilities


You were on level 2 of the Dungeon.
You visited 1 branch of the dungeon, and saw 2 of its levels.

You collected 18 gold pieces.

Inventory:

Hand Weapons
 a - a +0 flail
 h - a +0 whip (weapon)
Missiles
 e - a javelin
 i - 7 stones
Armour
 b - a +0 leather armour
 c - a +0 helmet (worn)
 m - a +0 ring mail (worn)
Jewellery
 k - a +6 ring of dexterity
 l - a ring of protection from fire
Potions
 j - a potion of attraction {unknown}


   Skills:
 + Level 2.2 Fighting
 + Level 3.1 Maces & Flails
 + Level 1.9 Throwing
 + Level 0.6 Armour
 + Level 3.3 Dodging


You had 2 spell levels left.
You didn't know any spells.
Your spell library was empty.

Dungeon Overview and Level Annotations

Branches:
Dungeon (2/15)

Altars:


Innate Abilities, Weirdness & Mutations

You sometimes gain a little power by taking damage.
Your touch may inflict minor irresistible damage on your foes.


Message History

The gnoll hits you from afar with a +0 halberd.
Throw: 3 throwing nets
Press: ? - help, Q - select action, (/) - cycle Shift-Dir - straight line, f - gnoll
Aim: a gnoll, wielding a +0 spear (lightly wounded, 61% to hit)
You throw a throwing net.
The throwing net barely misses the gnoll.
The throwing net hits the gnoll.
The gnoll is caught in the net!
The gnoll struggles against the net.
The gnoll hits you but does no damage. The gnoll misses you.
Throw: 2 throwing nets
Press: ? - help, Q - select action, (/) - cycle Shift-Dir - straight line, f/p - gnoll
Aim: a gnoll, wielding a +0 spear (lightly wounded, 61% to hit)
You throw a throwing net.
The throwing net barely misses the gnoll.
The throwing net barely misses the gnoll.
The gnoll struggles against the net.
The gnoll hits you from afar with a +0 spear.
* * * LOW HITPOINT WARNING * * *
The gnoll hits you from afar with a +0 halberd.
* * * LOW HITPOINT WARNING * * *
Throw: throwing net
Press: ? - help, Q - select action, (/) - cycle Shift-Dir - straight line, f/p - gnoll
Aim: a gnoll, wielding a +0 spear (lightly wounded, 61% to hit)
You throw a throwing net. The throwing net hits the gnoll.
The gnoll is caught in the net!
The gnoll is lightly wounded.
The gnoll struggles against the net. x2
You are too injured to fight recklessly!
A goblin comes into view. It is wielding a +0 dagger.
The goblin shouts!
The gnoll hits you but does no damage.
The gnoll struggles against the net. x2
Things that are here:
a +0 club; a +0 sling You hit the gnoll.
The gnoll is lightly wounded.
The gnoll hits you but does no damage.
You closely miss the gnoll.
The gnoll is lightly wounded.
The gnoll struggles against the net. x2; The gnoll hits you with a +0 halberd!
You die...

#... #...
#.<.# ...#
#....#...#
#...##..#
#....#..#
#......+
#.♣....#
##...@gg#
#....#g.+
##††.##S.#
#...†#...#
#†<.##....
#...#...g..
#######.....
#......


You could see 3 gnolls, a goblin and a ball python.

Vanquished Creatures
  A gnoll (D:1)
  An adder (D:2)
  3 bats
  3 endoplasms (D:1)
  2 giant cockroaches (D:1)
  2 goblins
  2 hobgoblins (D:1)
  5 ball pythons
  3 frilled lizards (D:1)
  2 kobolds (D:1)
  3 rats (D:1)
27 creatures vanquished.

Notes
Turn   | Place    | Note
-------+----------+-------------------------------------------
     0 | D:1      | SmokeWeed the Demonspawn Gladiator began the quest for the
                  | Orb.
     0 | D:1      | Reached XP level 1. HP: 16/16 MP: 1/1
   145 | D:1      | Gained mutation: Your touch may inflict minor irresistible
                  | damage on your foes. [demonic ancestry]
   145 | D:1      | Reached XP level 2. HP: 16/22 MP: 2/2
   774 | D:1      | Gained mutation: You sometimes gain a little power by
                  | taking damage. [demonic ancestry]
   774 | D:1      | Reached XP level 3. HP: 26/27 MP: 3/3
   947 | D:2      | Mangled by a gnoll

Illustrated notes

Levels and vault maps discovered:
D:1:      tekkud_arrival_beachfront_property, layout_basic,
          serial_bayou_lagoon_a, minmay_misc_feat_rows
D:2:      layout_basic, dreamdust_ecumenical_altar_drowned_temple, basic_altar,
          dreamdust_princess_corridor, grunt_ministairs_12, uniq_terence,
          uniq_sigmund

Skill      XL: |  1  2 |
---------------+-------+-----
Dodging        | 3 |  3.3
Maces & Flails | 3 |  3.1
Fighting       | |  2.2
Throwing       | |  1.9
Armour         | |  0.6

Action                     || total
---------------------------++-------
  Melee: Flail             ||    23
         Whip              ||    52
         Touch             ||     9
  Throw: Throwing net      ||     3
    Use: Scroll            ||     2
         Potion            ||     1
 Armour: Leather armour    ||    25
         Ring mail         ||    34
  Dodge: Dodged            ||    68

Table legend: (Time is in decaauts)
 A = Elapsed time spent in this place.
 B = Non-inter-level travel time spent in this place.
 C = Inter-level travel time spent in this place.
 D = Time resting spent in this place.
 E = Time spent auto-exploring this place.
 F = Levels seen in this place.
 G = Mean time per level.
                   A        B        C        D        E       F      G
               +--------+--------+--------+--------+--------+-----+--------+
         Total |    952 |    932 |     20 |      0 |    734 |   2 |  476.0 |
       Dungeon |    952 |    932 |     20 |      0 |    734 |   2 |  476.0 |
               +--------+--------+--------+--------+--------+-----+--------+

Top non-repeatable levels by time:
     D:1: 896 daAuts
     D:2: 55 daAuts
